 Dungeon Crawl Stone Soup version 0.18.1-1-g2f07953 (webtiles) character file.

215461 Eucla the Shatterer (level 19, -7/218 HPs)
             Began as an Ogre Air Elementalist on May 6, 2016.
             Was the Champion of Okawaru.
             Mangled by a merfolk impaler
             ... wielding a +1 trident of piercing
              (22 damage)
             ... on level 3 of the Shoals.
             The game lasted 01:16:28 (40009 turns).

Eucla the Shatterer (Ogre Air Elementalist)        Turns: 40009, Time: 01:16:29

Health: -7/218     AC: 20    Str: 25    XL:     19   Next: 2%
Magic:  0/9        EV: 25    Int: 14    God:    Okawaru [******]
Gold:   194        SH:  0    Dex: 21    Spells: 4 memorised, 17 levels left

rFire  . . .     SeeInvis .     H - +6 giant club of Anarchy {antimagic, rC- Str+4 Dex+3}
rCold  x . .     Gourm    .     F - +5 mottled dragon armour of the Equator {rN+}
rNeg   + . .     Faith    .     (shield currently unavailable)
rPois  +         Spirit   +     L - +1 hat {Spirit}
rElec  .         Dismiss  .     r - +2 cloak {rPois}
rCorr  .         Reflect  .     (gloves unavailable)
SustAt .         Harm     .     (boots unavailable)
MR     +....                    C - amulet of guardian spirit
Stlth  ++........               J - +4 ring of evasion
                                D - +3 ring of strength

@: engulfed (cannot breathe), somewhat resistant to hostile enchantments,
unstealthy
A: unfitting armour, slimy green scales 1, agile 1, high mp 1, tough skin 1
a: Heroism, Finesse, Renounce Religion
}: 1/15 runes: serpentine


You were on level 3 of the Shoals.
You worshipped Okawaru.
Okawaru was exalted by your worship.
You were not hungry.

You visited 6 branches of the dungeon, and saw 33 of its levels.
You visited 1 bazaar.
You also visited: Sewer and Bailey.

You collected 2982 gold pieces.
You spent 2788 gold pieces at shops.

Inventory:

Hand Weapons
 E - a +4 great mace of holy wrath
 H - the +6 giant club of Anarchy (weapon) {antimagic, rC- Str+4 Dex+3}
   (Okawaru gifted it to you on level 6 of the Lair of Beasts)

   It disrupts the flow of magical energy around spellcasters and certain
   magical creatures (including the wielder).
   It affects your strength (+4).
   It affects your dexterity (+3).
   It makes you vulnerable to cold.
 R - a +7 giant spiked club of draining
 V - a +0 blowgun
Missiles
 l - 59 poisoned needles
 v - 12 needles of paralysis
 x - 31 tomahawks (quivered)
 y - 36 large rocks
 G - 4 throwing nets
 K - 12 needles of sleeping
 O - 2 needles of confusion
 S - 4 javelins
 U - 8 curare-tipped needles
Armour
 r - a +2 cloak of poison resistance (worn)
 F - the +5 mottled dragon armour of the Equator (worn) {rN+}
   (Okawaru gifted it to you on level 4 of the Snake Pit)

   It protects you from negative energy.
 L - a +1 hat of spirit shield (worn)
Jewellery
 s - an uncursed ring of protection from cold
 w - an uncursed ring of sustain attributes {unknown}
 C - an amulet of guardian spirit (around neck)
 D - a +3 ring of strength (left hand)
 J - a +4 ring of evasion (right hand)
 M - an uncursed ring of resist corrosion
 Z - a cursed ring of teleportation {unknown}
Wands
 A - a wand of lightning (8/15)
 Q - a wand of digging (2/24)
 X - a wand of heal wounds (0/9)
Scrolls
 a - a scroll of magic mapping
 f - 12 scrolls of identify
 h - 16 scrolls of teleportation
 i - a scroll of holy word
 j - 8 scrolls of recharging
 p - 11 scrolls of remove curse
 q - 8 scrolls of enchant armour
 t - 3 scrolls of fog
 N - 4 scrolls of fear
Potions
 b - 2 potions of agility
 d - 9 potions of curing
 e - 4 potions of might
 g - 4 potions of magic
 k - a potion of invisibility
 n - 4 potions of haste
 u - 7 potions of flight
 B - 3 potions of brilliance
 I - 5 potions of resistance
 P - 4 potions of cancellation
 T - 2 potions of cure mutation
 Y - 3 potions of berserk rage
Miscellaneous
 m - a phial of floods (inert)
 z - a lamp of fire (inert)
Comestibles
 c - 7 meat rations
 W - a slice of pizza


   Skills:
 + Level 19.6 Fighting
 * Level 21.2 Maces & Flails
 + Level 12.5 Throwing
 - Level 8.0 Armour
 + Level 13.8 Dodging
 - Level 1.5 Stealth
 - Level 2.4 Spellcasting
 - Level 0.6 Conjurations
 - Level 2.1 Air Magic
 + Level 9.3 Evocations


You had 17 spell levels left.
You knew the following spells:

 Your Spells              Type           Power        Failure   Level  Hunger
a - Shock                 Conj/Air       #...         17%         1    #......
b - Repel Missiles        Chrm/Air       #.....       28%         2    ###....
c - Apportation           Tloc           #.........   28%         1    #......
d - Summon Butterflies    Summ           #.......     28%         1    #......


Dungeon Overview and Level Annotations

Branches:
Dungeon (15/15)            Temple (1/1) D:4            Lair (8/8) D:8
 Shoals (3/4) Lair:3        Snake (4/4) Lair:4        Slime (0/6) Lair:6
    Orc (2/2) D:9             Elf (0/3) Orc:2        Vaults (0/5) D:13
 Depths (0/5) D:15

Altars:
Ashenzari
Cheibriados
Dithmenos
Elyvilon
Gozag
Kikubaaqudgha
Makhleb
Nemelex Xobeh
Okawaru
Qazlal
Ru
Sif Muna
Trog
Vehumet
Xom
Yredelemnul
Zin
The Shining One

Shops:
D:14 }   Orc:1 (   Orc:2 :[[[(*!=*   Shoals:2 }   Snake:1 ?

Annotations:
D:10 Eucla's ghost, journeyman MiGl
Lair:6 exclusion: 2 oklob plants
Snake:2 exclusion: electric eel


Innate Abilities, Weirdness & Mutations

You are too large for most types of armour.
You have tough skin (AC +1).
You are partially covered in slimy green scales (AC +2).
You are agile. (Dex +2)
You have an increased reservoir of magic (+10% MP).


Message History

Read which item? (? for menu, Esc to quit)
Okay, then.
With effort, you pull free of the water engulfing you.
You gasp with relief as air once again reaches your lungs.
The merfolk impaler completely misses you.
The merfolk impaler hits you from afar with a trident of piercing!
* * * LOW HITPOINT WARNING * * *
x2 The water elemental hits you.
The water elemental engulfs you in water!
The water elemental misses you.
The merfolk impaler hits you from afar with a trident of piercing!
* * * LOW HITPOINT WARNING * * *
x2 The water elemental hits you.
The water elemental closely misses you.
The merfolk aquamancer gestures at you while chanting.
The great wave of water passes through the water elemental. x2
The great wave of water hits you!
* * * LOW HITPOINT WARNING * * *
The wave splashes down.
The merfolk impaler hits you from afar with a trident of piercing!!
You die...

≈≈)≈≈≈≈≈≈≈≈≈PPP≈≈≈≈≈≈≈≈≈≈≈≈≈≈≈...
≈≈.......≈≈≈≈≈≈≈≈≈≈≈≈≈≈≈≈≈≈≈≈≈...
≈...#.).))PP≈P≈≈P≈≈≈≈≈≈≈≈≈≈≈≈≈≈..
.#####..P)PPP≈PPP≈≈≈≈≈≈≈≈≈≈≈.....
.#** #..≈)≈≈.≈P≈≈≈≈≈≈≈≈≈≈≈≈,.....
...###..)≈≈≈≈P≈PPP≈≈≈≈≈≈≈≈≈......
≈≈.....≈P≈(≈≈mPmP≈≈≈≈≈≈≈≈≈≈≈.....
≈≈≈≈..≈≈≈(.#.≈EEP≈≈≈≈≈≈≈≈≈≈≈≈≈≈..
≈≈≈≈≈≈≈≈).)##%≈E@≈.≈≈≈≈≈≈≈≈≈≈≈≈≈≈
≈≈≈≈≈≈≈≈≈.))..≈E##≈≈.≈≈≈≈≈≈≈≈≈≈≈≈
≈≈≈≈≈P≈P≈≈≈).≈≈≈..≈≈≈≈P≈≈≈≈≈≈≈≈≈≈
≈≈≈≈≈≈PP≈≈≈))≈≈≈P≈≈P≈≈≈≈P≈≈≈≈≈≈≈≈
.≈≈≈≈≈PP≈≈≈≈P≈≈≈≈≈≈≈P≈P≈≈≈≈≈≈≈≈≈≈
*..≈≈≈≈≈≈≈≈≈P≈≈≈≈PP≈≈≈PP≈≈≈≈≈≈≈).
*..≈≈≈≈≈≈≈≈≈≈≈≈≈≈≈≈≈≈≈PP≈≈≈≈≈P..)
*.≈≈≈≈≈≈≈≈≈≈≈≈P≈≈≈≈≈≈≈PP≈≈≈≈≈≈≈..
,>≈≈≈≈≈≈≈........≈≈≈P≈≈≈≈≈≈≈≈.†≈.


You could see a merfolk impaler, a merfolk aquamancer and 4 water elementals.

Vanquished Creatures
  Nikola (Shoals:1)
  Agnes (Snake:2)
  A kraken (Shoals:1)
  Gastronok (D:10)
  Roxanne (D:15)
  Kirke (Shoals:2)
  6 greater nagas
  An orc warlord (Bailey)
  Aizul (Shoals:2)
  Louise (D:14)
  3 merfolk impalers
  10 naga warriors
  9 hydras
  12 anacondas
  5 centaur warriors
  A merfolk avatar (Shoals:2)
  A catoblepas (Lair:8)
  A satyr (Shoals:3)
  27 death yaks
  A tengu warrior (D:15)
  A titan zombie (D:15)
  Sonja (D:10)
  15 naga sharpshooters
  9 shock serpents
  8 sea snakes
  2 skeletal warriors (D:15)
  2 salamander mystics
  5 hill giants
  An unseen horror (D:15)
  6 orc knights
  10 naga ritualists
  A flayed ghost (D:15)
  A harpy (shapeshifter) (D:15)
  3 necromancers
  7 ugly things
  15 harpies
  8 griffons
  9 manticores
  18 mana vipers
  A fire giant zombie (D:15)
  11 salamanders
  5 fauns
  A deep elf mage (D:12)
  3 cyclopes
  7 elephants
  5 sirens
  17 naga magi
  41 black mambas
  An elf zombie (D:15)
  4 guardian serpents
  3 gargoyles
  Maurice (D:11)
  A torpor snail (Lair:7)
  15 spiny frogs
  11 komodo dragons
  2 rime drakes
  2 tengu conjurers (D:15)
  11 polar bears
  16 merfolk
  4 trolls
  6 snapping turtles
  16 blink frogs
  A wind drake (shapeshifter) (D:14)
  2 boulder beetles
  3 two-headed ogres
  A vampire (D:12)
  An ettin zombie (D:15)
  A shadow (D:12)
  48 yaks
  A water elemental (Shoals:3)
  6 hungry ghosts
  A hog (Shoals:2)
  4 wyverns
  4 basilisks
  8 hippogriffs
  A steam dragon (Lair:5)
  8 vampire mosquitoes
  A warg (Orc:2)
  A mottled dragon (D:11)
  72 nagas
  2 soldier ants
  21 water moccasins
  37 orc warriors
  9 porcupines
  3 sky beasts (D:9)
  11 black bears
  2 ice beasts
  3 phantoms
  A wasp (D:12)
  8 ogres
  2 eyes of draining
  23 centaurs
  16 crocodiles
  23 wolves
  2 big kobolds
  16 giant frogs
  Blork the orc (D:4)
  A water moccasin skeleton (D:10)
  5 killer bees (D:12)
  3 scorpions
  3 troll zombies (D:9)
  10 wights
  6 electric eels
  6 howler monkeys
  5 crimson imps
  2 giant frog zombies
  A centaur zombie (D:10)
  3 jellies
  A gnoll shaman (D:8)
  6 orc priests
  8 hounds
  4 centaur skeletons
  4 giant frog skeletons
  9 worker ants
  8 iguanas
  13 orc wizards
  24 sheep
  5 ogre zombies (D:9)
  A hound skeleton (D:8)
  3 worker ant zombies
  9 gnolls
  7 adders
  81 river rats
  3 shadow imps
  An ooze (D:1)
  3 adder skeletons
  4 worms
  4 dart slugs
  13 giant geckos
  66 orcs
  9 bats
  6 giant cockroaches
  4 goblins
  10 hobgoblins
  4 jackals (Sewer)
  4 quokkas
  A ball python (Sewer)
  A giant gecko skeleton (D:5)
  A giant gecko zombie (D:9)
  7 giant newts
  2 goblin skeletons (D:9)
  6 goblin zombies (D:9)
  A hobgoblin skeleton (D:9)
  A hobgoblin zombie (D:9)
  20 kobolds
  An orc skeleton (D:9)
  14 orc zombies (D:9)
  A quokka zombie (D:7)
  3 rats
  A spectral orc (D:9)
  2 plants
  7 tentacles (Shoals:1)
1163 creatures vanquished.

Vanquished Creatures (collateral kills)
  A sea snake (Shoals:3)
  A mana viper (Snake:2)
  A harpy (Shoals:3)
  A spiny frog (Lair:2)
  2 merfolk (Shoals:3)
  A porcupine (Lair:2)
  An orc (Orc:2)
  A fungus (Lair:2)
9 creatures vanquished.

Vanquished Creatures (others)
  2 humans
  A giant frog (Lair:7)
  An orc wizard (D:7)
  20 fungi
  47 plants
  18 tentacles (Shoals:1)
  692 tentacle segments (Shoals:1)
  A withered plant (D:15)
782 creatures vanquished.

Grand Total: 1954 creatures vanquished

Notes
Turn   | Place    | Note
--------------------------------------------------------------
     0 | D:1      | Eucla the Ogre Air Elementalist began the quest for the Orb.
     0 | D:1      | Reached XP level 1. HP: 16/16 MP: 3/3
    51 | D:1      | Reached skill level 1 in Fighting
   131 | D:1      | Reached XP level 2. HP: 27/28 MP: 5/5
   795 | D:2      | Found an opulent altar of Gozag.
   815 | D:2      | Reached XP level 3. HP: 12/36 MP: 6/6
  1498 | D:2      | Reached XP level 4. HP: 9/48 MP: 7/7
  2286 | D:3      | Reached skill level 1 in Maces & Flails
  2305 | D:3      | Found a glowing drain.
  2322 | Sewer    | Entered a sewer
  2546 | Sewer    | Reached skill level 2 in Maces & Flails
  2780 | D:3      | Found an ancient bone altar of Kikubaaqudgha.
  2972 | D:3      | Reached XP level 5. HP: 51/55 MP: 8/8
  3042 | D:3      | Reached skill level 3 in Maces & Flails
  3395 | D:3      | Found a shadowy altar of Dithmenos.
  3619 | D:4      | Reached skill level 4 in Maces & Flails
  3733 | D:4      | Noticed Blork the orc
  3746 | D:4      | Killed Blork the orc
  3746 | D:4      | Reached skill level 5 in Fighting
  3746 | D:4      | Reached XP level 6. HP: 29/66 MP: 9/9
  3991 | D:4      | Found a stormy altar of Qazlal.
  3999 | D:4      | Found a glowing golden altar of the Shining One.
  4056 | D:4      | Reached skill level 5 in Maces & Flails
  4093 | D:4      | Found a staircase to the Ecumenical Temple.
  4178 | Temple   | Entered the Ecumenical Temple
  4186 | Temple   | Became a worshipper of Warmaster Okawaru
  4260 | D:5      | Entered Level 5 of the Dungeon
  4260 | D:5      | Noticed an ice beast
  4286 | D:4      | Killed an ice beast
  4286 | D:4      | Reached skill level 6 in Maces & Flails
  4290 | D:5      | Noticed a phantom
  4304 | D:5      | Killed a phantom
  4304 | D:5      | Reached XP level 7. HP: 59/74 MP: 10/10
  4398 | D:5      | Found a sacrificial altar of Ru.
  4543 | D:5      | Reached * piety under Okawaru
  4543 | D:5      | Reached skill level 7 in Maces & Flails
  4787 | D:5      | Learned a level 2 spell: Repel Missiles
  4860 | D:5      | Reached skill level 8 in Maces & Flails
  5148 | D:6      | Reached XP level 8. HP: 84/84 MP: 11/11
  5344 | D:6      | Reached skill level 9 in Maces & Flails
  5530 | D:6      | Reached ** piety under Okawaru
  5685 | D:7      | Reached skill level 10 in Maces & Flails
  6018 | D:7      | Reached skill level 11 in Maces & Flails
  6018 | D:7      | Reached XP level 9. HP: 41/97 MP: 4/12
  6934 | D:8      | Found a shattered altar of Ashenzari.
  6985 | D:8      | Found a flagged portal.
  7136 | Bailey   | Entered a bailey
  7155 | Bailey   | Noticed an orc warlord
  7304 | Bailey   | Noticed an orc knight
  7328 | Bailey   | Gained mutation: You have an increased reservoir of magic (+10% MP). [potion of mutation]
  7328 | Bailey   | Gained mutation: You are agile. (Dex +2) [potion of mutation]
  7328 | Bailey   | Gained mutation: You are partially covered in slimy green scales (AC +2). [potion of mutation]
  7360 | Bailey   | Killed an orc knight
  7360 | Bailey   | Reached *** piety under Okawaru
  7360 | Bailey   | Reached skill level 12 in Maces & Flails
  7410 | Bailey   | Reached skill level 10 in Fighting
  7479 | Bailey   | Found a runed gate.
  7480 | Bailey   | Found a runed gate.
  7481 | Bailey   | Found a runed gate.
  7573 | Bailey   | Killed an orc warlord
  7573 | Bailey   | Reached **** piety under Okawaru
  7573 | Bailey   | Received a gift from Okawaru
  7573 | Bailey   | Reached skill level 14 in Maces & Flails
  7573 | Bailey   | Reached XP level 10. HP: 111/111 MP: 12/14
  7776 | D:8      | Found a sparkling altar of Nemelex Xobeh.
  7790 | D:8      | Found a glowing silver altar of Zin.
  7929 | D:8      | Reached skill level 16 in Maces & Flails
  7929 | D:8      | Reached XP level 11. HP: 51/120 MP: 11/16
  8044 | D:8      | Found a staircase to the Lair.
  8311 | D:9      | Found a staircase to the Orcish Mines.
  9364 | D:9      | Found a basalt altar of Yredelemnul.
  9432 | D:9      | Reached ***** piety under Okawaru
  9600 | D:10     | Entered Level 10 of the Dungeon
  9613 | D:10     | Noticed a hill giant
  9626 | D:10     | Noticed Eucla's ghost (journeyman MiGl)
  9633 | D:10     | Killed a hill giant
  9633 | D:10     | Reached skill level 17 in Maces & Flails
  9897 | D:9      | You fall through a shaft for 2 floors!
  9897 | D:11     | Found a glowing golden altar of the Shining One.
 10381 | Lair:1   | Entered Level 1 of the Lair of Beasts
 10560 | Lair:1   | Reached XP level 12. HP: 63/133 MP: 1/17
 10891 | Lair:1   | Noticed a five-headed hydra
 10910 | Lair:1   | Killed a five-headed hydra
 10910 | Lair:1   | Received a gift from Okawaru
 10910 | Lair:1   | Reached skill level 18 in Maces & Flails
 10913 | Lair:1   | Got a faintly humming cloak {god gift}
 10919 | Lair:1   | Identified the +2 cloak of Okawaru's Envy {*Confuse rElec Str+5 Dex-3} (Okawaru gifted it to you on level 1 of the Lair of Beasts)
 11199 | Lair:1   | Reached skill level 1 in Throwing
 13576 | Lair:3   | Found a staircase to the Shoals.
 14343 | Lair:4   | Noticed a six-headed hydra
 14363 | Lair:4   | Killed a six-headed hydra
 14363 | Lair:4   | Reached skill level 5 in Throwing
 14734 | Lair:4   | Received a gift from Okawaru
 14758 | Lair:4   | Reached XP level 13. HP: 81/146 MP: 11/18
 15100 | Lair:4   | Found a staircase to the Snake Pit.
 17377 | Lair:5   | Reached skill level 15 in Fighting
 17530 | Lair:5   | Received a gift from Okawaru
 17835 | Lair:6   | Reached skill level 10 in Dodging
 18227 | Lair:6   | Found a staircase to the Slime Pits.
 18783 | Lair:7   | Reached XP level 14. HP: 106/161 MP: 13/19
 18896 | Lair:7   | Received a gift from Okawaru
 19190 | Lair:6   | Received a gift from Okawaru
 19193 | Lair:6   | Got a transparent giant club {god gift}
 19194 | Lair:6   | Identified the +6 giant club of Anarchy {antimagic, rC- Str+4 Dex+3} (Okawaru gifted it to you on level 6 of the Lair of Beasts)
 19778 | Lair:7   | Reached ****** piety under Okawaru
 20320 | Lair:8   | Entered Level 8 of the Lair of Beasts
 20403 | Lair:7   | Received a gift from Okawaru
 20839 | Lair:8   | Reached skill level 10 in Throwing
 20945 | Lair:8   | Received a gift from Okawaru
 21481 | Lair:8   | Reached XP level 15. HP: 162/174 MP: 4/20
 21909 | Lair:8   | Received a gift from Okawaru
 22537 | D:10     | Noticed Gastronok
 22549 | D:10     | Killed Gastronok
 22549 | D:10     | Received a gift from Okawaru
 22620 | D:10     | Noticed Sonja
 23063 | D:10     | Killed Sonja
 23264 | D:11     | Noticed Maurice
 23276 | D:11     | Received a gift from Okawaru
 23288 | D:11     | Killed Maurice
 25247 | D:13     | Found a shadowy altar of Dithmenos.
 25404 | D:13     | Found a gate to the Vaults.
 25830 | D:14     | Received a gift from Okawaru
 25865 | D:14     | Learned a level 1 spell: Apportation
 25867 | D:14     | Learned a level 1 spell: Summon Butterflies
 26228 | D:14     | Noticed Louise
 26263 | D:14     | Killed Louise
 26531 | D:14     | Found Qeetaf's Gadget Emporium.
 26536 | D:14     | Bought a stone of tremors for 640 gold pieces
 26608 | D:15     | Entered Level 15 of the Dungeon
 26614 | D:15     | Reached XP level 16. HP: 178/188 MP: 5/21
 26641 | D:15     | Reached skill level 1 in Evocations
 26891 | D:15     | Found a staircase to the Depths.
 27317 | D:15     | Noticed Roxanne
 27328 | D:15     | Killed Roxanne
 27330 | D:15     | Identified Roxanne's Collected Works on the Rocks (You took it off Roxanne on level 15 of the Dungeon)
 27632 | D:15     | Received a gift from Okawaru
 28055 | Orc:1    | Entered Level 1 of the Orcish Mines
 28065 | Orc:1    | Found Fifuont's Antique Weapon Emporium.
 28244 | Orc:2    | Entered Level 2 of the Orcish Mines
 28344 | Orc:2    | Found Qinun's Book Shoppe.
 28355 | Orc:2    | Found Duduopel's Antique Armour Shop.
 28395 | Orc:2    | Found Zuziudyd's Armour Shop.
 28724 | Orc:2    | Received a gift from Okawaru
 28738 | Orc:2    | Found Jaryer's Antique Armour Shoppe.
 28741 | Orc:2    | Found Dagausef's Weapon Boutique.
 28752 | Orc:2    | Bought 2 needles of confusion for 14 gold pieces
 28762 | Orc:2    | Found a staircase to the Elven Halls.
 28916 | Orc:2    | Received a gift from Okawaru
 29495 | Orc:2    | Found Neolib's Distillery.
 29495 | Orc:2    | Found Fumit's Jewellery Boutique.
 29497 | Orc:2    | Found Liatwine's Assorted Antiques.
 29499 | Orc:2    | Found Zuivia's General Store.
 29511 | Orc:2    | Bought a potion of heal wounds for 65 gold pieces
 29511 | Orc:2    | Bought a scroll of identify for 26 gold pieces
 29513 | Orc:2    | Bought a potion of might for 72 gold pieces
 29513 | Orc:2    | Bought a potion of agility for 72 gold pieces
 29513 | Orc:2    | Bought a potion of haste for 180 gold pieces
 29513 | Orc:2    | Bought a potion of heal wounds for 90 gold pieces
 29516 | Orc:2    | Bought a +4 ring of evasion for 540 gold pieces
 29518 | Orc:2    | Bought a scroll of recharging for 323 gold pieces
 29518 | Orc:2    | Bought a scroll of recharging for 323 gold pieces
 29518 | Orc:2    | Bought a scroll of identify for 68 gold pieces
 29774 | Snake:1  | Entered Level 1 of the Snake Pit
 29793 | Snake:1  | Received a gift from Okawaru
 29799 | Snake:1  | Reached skill level 1 in Armour
 30657 | Snake:1  | Found Qylia's Magic Scroll Shoppe.
 30662 | Snake:1  | Bought a scroll of fear for 38 gold pieces
 30662 | Snake:1  | Bought a scroll of blinking for 82 gold pieces
 31083 | Snake:2  | Noticed a greater naga
 31241 | Snake:1  | Reached skill level 5 in Evocations
 31696 | Snake:2  | Killed a greater naga
 31749 | Snake:2  | Reached XP level 17. HP: 104/198 MP: 7/23
 32033 | Snake:2  | Received a gift from Okawaru
 32043 | Snake:2  | Reached skill level 19 in Maces & Flails
 32448 | Snake:2  | Received a gift from Okawaru
 32469 | Snake:2  | Noticed Agnes
 32482 | Snake:2  | Killed Agnes
 32482 | Snake:2  | Reached skill level 5 in Armour
 32560 | Snake:2  | Received a gift from Okawaru
 33482 | Snake:3  | Received a gift from Okawaru
 33532 | Snake:3  | Received a gift from Okawaru
 34960 | Snake:4  | Entered Level 4 of the Snake Pit
 36026 | Snake:4  | Reached skill level 20 in Maces & Flails
 36196 | Snake:4  | Received a gift from Okawaru
 36218 | Snake:4  | Reached XP level 18. HP: 189/208 MP: 8/26
 36230 | Snake:4  | Got a shimmering mottled dragon armour {god gift}
 36243 | Snake:4  | Identified the +5 mottled dragon armour of the Equator {rN+} (Okawaru gifted it to you on level 4 of the Snake Pit)
 37428 | Snake:4  | Got a serpentine rune of Zot
 37792 | Shoals:1 | Entered Level 1 of the Shoals
 38034 | Shoals:1 | Noticed Nikola
 38055 | Shoals:1 | Killed Nikola
 38325 | Shoals:1 | Received a gift from Okawaru
 38354 | Shoals:1 | Found an iron altar of Okawaru.
 38949 | Shoals:1 | Received a gift from Okawaru
 39109 | Shoals:2 | Noticed Aizul
 39123 | Shoals:2 | Killed Aizul
 39293 | Shoals:2 | Noticed Kirke
 39304 | Shoals:2 | Killed Kirke
 39403 | Shoals:2 | Found Osib's Gadget Emporium.
 39419 | Shoals:2 | Reached skill level 21 in Maces & Flails
 39637 | Shoals:3 | Found a flickering gateway to a bazaar.
 39644 | Bazaar   | Entered a bazaar
 39652 | Bazaar   | Found Detho's Magic Scroll Emporium.
 39652 | Bazaar   | Found Noych's Jewellery Shoppe.
 39693 | Bazaar   | Bought a scroll of enchant armour for 75 gold pieces
 39693 | Bazaar   | Bought 2 scrolls of enchant armour for 150 gold pieces
 39693 | Bazaar   | Bought a scroll of teleportation for 30 gold pieces
 39957 | Shoals:3 | Reached XP level 19. HP: 79/217 MP: 3/28
 40006 | Shoals:3 | HP: 4/218 [merfolk aquamancer/great wave of water (28)]
 40009 | Shoals:3 | Mangled by a merfolk impaler

Skill      XL: |  1  2  3  4  5  6  7  8  9 10 11 12 13 14 15 16 17 18 |
---------------+-------------------------------------------------------+-----
Fighting       | 1 2 3 4 5 6 8 10 11 12 14 15 17 18 19 | 19.6
Dodging        | 2 6 8 10 11 12 13 | 13.8
Maces & Flails | 2 4 6 8 11 14 16 17 18 20 21 | 21.2
Throwing       | 5 8 10 12 | 12.5
Evocations     | 5 7 9 |  9.3
Armour         | 3 7 8 |  8.0
Stealth        | |  1.5
Spellcasting   | |  2.4
Conjurations   | |  0.6
Air Magic      | |  2.1

Action                   |  1- 3 |  4- 6 |  7- 9 | 10-12 | 13-15 | 16-18 | 19-21 || total
-------------------------+-------+-------+-------+-------+-------+-------+-------++-------
Melee: Spear             |    94 |    23 |       |       |       |       |       ||   117
       Unarmed           |     3 |       |       |       |       |       |       ||     3
       Flail             |       |   208 |   363 |   843 |   488 |       |       ||  1902
       Punch             |       |       |     1 |     3 |       |       |       ||     4
       Giant spiked club |       |       |       |     3 |    99 |       |       ||   102
       Giant club        |       |       |       |       |   741 |  1447 |    15 ||  2203
Throw: Large rock        |       |       |       |       |       |     2 |       ||     2
 Cast: Shock             |     3 |     6 |     9 |       |       |       |       ||    18
       Repel Missiles    |       |       |     3 |       |       |     1 |       ||     4
Invok: Heroism           |       |       |     5 |    13 |    16 |     1 |       ||    35
Evoke: Wand              |       |       |       |     3 |       |    11 |     1 ||    15
       Stone of tremors  |       |       |       |       |       |     1 |       ||     1
       Lamp of fire      |       |       |       |       |       |     2 |       ||     2
       Phial of floods   |       |       |       |       |       |     2 |       ||     2
  Use: Potion            |       |     4 |     5 |     5 |       |     4 |     1 ||    19
       Scroll            |       |       |    20 |    11 |    17 |    14 |     1 ||    63
 Stab: Sleeping          |     4 |     3 |     2 |     6 |    11 |     2 |       ||    28
       Invisible         |       |     3 |     4 |       |       |       |       ||     7
       Petrifying        |       |       |       |       |     1 |       |       ||     1
       Distracted        |       |       |       |       |       |     1 |       ||     1
  Eat: Beef jerky        |     2 |       |     1 |     1 |     6 |       |       ||    10
       Chunk             |       |     4 |     4 |     8 |     6 |     2 |     1 ||    25
       Bread ration      |       |     1 |       |     1 |     3 |     8 |       ||    13
       Fruit             |       |       |     7 |    21 |     9 |     2 |       ||    39
       Meat ration       |       |       |       |     1 |     1 |       |       ||     2
       Royal jelly       |       |       |       |     1 |       |       |       ||     1
Armor: Robe              |    17 |   154 |   150 |   301 |       |       |       ||   622
       Skin              |       |       |    12 |       |       |       |       ||    12
       Mottled dragon ar |       |       |       |       |   347 |   366 |     6 ||   719
Dodge: Dodged            |    34 |   157 |   161 |   704 |  1102 |  1693 |    18 ||  3869
       Deflected         |       |       |     4 |       |       |     1 |       ||     5
